 Dungeon Crawl Stone Soup version 0.22.1-2-g9c5b331 (webtiles) character file.

114 dvd the Chopper (level 4, -2/29 HPs)
             Began as a Gargoyle Monk on Dec 4, 2018.
             Was a Believer of Makhleb.
             Killed from afar by a white imp (8 damage)
             ... with a puff of frost
             ... summoned by Natasha
             ... on level 2 of the Dungeon.
             The game lasted 00:02:51 (1533 turns).

dvd the Chopper (Gargoyle Monk)                     Turns: 1533, Time: 00:02:52

Health: -2/29      AC:  9    Str: 16    XL:     4   Next: 98%
Magic:  4/4        EV: 10    Int: 10    God:    Makhleb [**....]
Gold:   107        SH:  2    Dex: 12    Spells: 3/3 levels left

rFire    . . .     SeeInvis .   a - +0 hand axe
rCold    . . .     Gourm    .   (no shield)
rNeg     + . .     Faith    .   j - +0 scale mail
rPois    ∞         Spirit   .   (no helmet)
rElec    +         Reflect  +   (no cloak)
rCorr    .         Harm     .   (no gloves)
MR       .....                  (no boots)
Stlth    +.........             d - +2 amulet of reflection
HPRegen  0.09/turn              (no ring)
MPRegen  0.09/turn              (no ring)

@: no status effects
A: negative energy resistance 1, electricity resistance, unbreathing,
petrification resistance, rot immunity, AC +3
a: Minor Destruction, Renounce Religion


You were on level 2 of the Dungeon.
You worshipped Makhleb.
Makhleb was pleased with you.
You were not hungry.

You visited 1 branch of the dungeon, and saw 2 of its levels.

You collected 107 gold pieces.

Inventory:

Hand Weapons
 a - a +0 hand axe (weapon)
Armour
 b - a +0 robe
 g - a +0 leather armour
 j - a +0 scale mail (worn)
Jewellery
 d - a +2 amulet of reflection (around neck)
Scrolls
 e - 2 scrolls of identify {unknown}
 h - a scroll of enchant armour {unknown}
 i - 2 scrolls of fear {unknown}
 m - 2 scrolls of teleportation {unknown}
 n - a scroll of remove curse {unknown}
 q - a scroll of fog {unknown}
Potions
 k - a potion of berserk rage {unknown}
 l - a potion of curing {unknown}
 o - a potion of ambrosia {unknown}
 p - a potion of brilliance {unknown}
Comestibles
 c - 8 rations
 f - 9 chunks of flesh


   Skills:
 + Level 3.8 Fighting
 + Level 3.9 Axes
 + Level 1.1 Armour
 + Level 3.1 Dodging
 + Level 2.3 Stealth


You had 3 spell levels left.
You didn't know any spells.
Your spell library was empty.

Dungeon Overview and Level Annotations

Branches:
Dungeon (2/15)

Altars:
Makhleb

Annotations:
D:2 Natasha


Innate Abilities, Weirdness & Mutations

You are resistant to torment.
Your stone body is resilient. (AC +3)
You are immune to poison.
You resist negative energy. (rN+)
You are resistant to electric shocks. (rElec)
You can survive without breathing.
You are immune to petrification.
You are immune to rotting.


Message History

You hit Natasha.
Natasha is heavily wounded.
You barely miss the white imp. You hit the white imp but do no damage.
Natasha stares at you and mumbles some strange words.
The magic dart hits you! The white imp closely misses you.
The white imp hits you but does no damage.
You closely miss Natasha.
Natasha is heavily wounded.
You hit the white imp. You barely miss the white imp. Natasha claws you.
The white imp barely misses you. The white imp hits you.
The white imp freezes you.
* * * LOW HITPOINT WARNING * * *
Natasha closely misses you.
You hit Natasha.
Natasha is severely wounded.
You closely miss the white imp. You barely miss the white imp.
The white imp closely misses you. The white imp gestures at you.
The puff of frost hits you!
You die...

#######################
#...>h.....[.......[..#
#$.$.5@..############.#
#....5...# #3# #..
#........######### ##.
#.......$#2#_....# #.
#........#######.# ##
#........# #4###÷######
####.....? ###........'
##########.#########
#######....# #


You could see Natasha and 2 white imps.

Vanquished Creatures
  A hound (D:2)
  3 adders (D:2)
  3 oozes
  A dart slug (D:1)
  4 bats
  2 giant cockroaches
  6 goblins
  4 hobgoblins
  4 jackals (D:2)
  5 kobolds
  A quokka (D:2)
  3 frilled lizards
  9 rats
46 creatures vanquished.

Notes
Turn   | Place    | Note
-------+----------+-------------------------------------------
     0 | D:1      | dvd the Gargoyle Monk began the quest for the Orb.
     0 | D:1      | Reached XP level 1. HP: 14/14 MP: 1/1
   135 | D:1      | Reached XP level 2. HP: 15/19 MP: 2/2
   789 | D:2      | Reached XP level 3. HP: 23/23 MP: 3/3
   817 | D:2      | Reached XP level 4. HP: 14/29 MP: 4/4
  1098 | D:2      | Reached skill level 1 in Armour
  1385 | D:2      | Found a burning altar of Makhleb.
  1385 | D:2      | Noticed a cacodemon
  1388 | D:2      | Noticed a smoke demon
  1388 | D:2      | Noticed an orange demon
  1390 | D:2      | Became a worshipper of Makhleb the Destroyer
  1390 | D:2      | Reached * piety under Makhleb
  1390 | D:2      | Reached ** piety under Makhleb
  1523 | D:2      | Noticed Natasha
  1533 | D:2      | Killed from afar by a white imp

Skill      XL: |  1  2  3  4 |
---------------+-------------+-----
Axes           | 3 |  3.9
Armour         | 1 |  1.1
Dodging        | 3 |  3.1
Fighting       | |  3.8
Stealth        | |  2.3

Action                   |  1- 3 |  4- 6 || total
-------------------------+-------+-------++-------
Melee: Hand axe          |    74 |    78 ||   152
Invok: Minor Destruction |       |     1 ||     1
  Eat: Chunk             |       |     2 ||     2
Armor: Robe              |     4 |       ||     4
       Scale mail        |    33 |    61 ||    94
Dodge: Dodged            |    47 |    62 ||   109
Block: Other             |     6 |     5 ||    11
